 Dungeon Crawl Stone Soup version 0.22.1-1-ga44c0e5 (webtiles) character file.

49893 brandon the Impaler (level 14, -19/129 HPs)
             Began as a Minotaur Berserker on Oct 3, 2018.
             Was a High Priest of Trog.
             Demolished by an iron troll simulacrum (41 damage)
             ... in an ice cave.
             The game lasted 00:50:19 (21662 turns).

brandon the Impaler (Minotaur Berserker)           Turns: 21662, Time: 00:50:19

Health: -19/129    AC: 26    Str: 22    XL:     14   Next: 17%
Magic:  13/13      EV: 11    Int:  4    God:    Trog [*****.]
Gold:   1328       SH:  7    Dex: 15    Spells: 13/13 levels left

rFire    + . .     SeeInvis .   F - +0 demon trident (venom)
rCold    . . .     Gourm    +   b - +0 buckler
rNeg     . . .     Faith    .   N - +4 plate armour {rF+}
rPois    +         Spirit   .   l - +2 hat
rElec    .         Reflect  .   M - +0 cloak
rCorr    .         Harm     .   e - +0 pair of gloves
MR       +....                  I - +0 pair of boots
Stlth    ..........             R - amulet of the gourmand
HPRegen  0.31/turn              y - ring of poison resistance
MPRegen  0.13/turn              E - ring of flight

@: no status effects
A: retaliatory headbutt, horns 2, mutation resistance 1, sense surroundings 1
a: Berserk, Trog's Hand, Brothers in Arms, Renounce Religion, Evoke Flight


You were in an ice cave.
You worshipped Trog.
Trog was extremely pleased with you.
You were not hungry.

You visited 3 branches of the dungeon, and saw 18 of its levels.
You also visited: Bailey, Ice Cave and Volcano.

You collected 1386 gold pieces.
You spent 58 gold pieces at shops.

Inventory:

Hand Weapons
 F - a +0 demon trident of venom (weapon)
Missiles
 K - a throwing net (quivered)
Armour
 b - a +0 buckler (worn)
 e - a +0 pair of gloves (worn)
 l - a +2 hat (worn)
 I - a +0 pair of boots (worn)
 M - a +0 cloak (worn)
 N - a +4 plate armour of fire resistance (worn)
Jewellery
 y - a ring of poison resistance (left hand)
 E - a ring of flight (right hand)
 H - an uncursed ring of magical power
 P - a +3 ring of intelligence
 R - an amulet of the gourmand (around neck)
Wands
 a - a wand of enslavement (22)
 h - a wand of iceblast (9)
 n - a wand of flame (57)
 s - a wand of random effects (32)
 u - a wand of paralysis (33)
Scrolls
 d - 6 scrolls of remove curse
 f - a scroll of magic mapping
 g - 7 scrolls of teleportation
 m - a scroll of enchant weapon
 o - 5 scrolls of fog
 q - a scroll of noise
 t - 4 scrolls of fear
 v - 3 scrolls of enchant armour
 w - 2 scrolls of amnesia
 x - 3 scrolls of blinking
 G - a scroll of immolation
Potions
 i - a potion of cancellation {unknown}
 j - 9 potions of curing
 k - 5 potions of heal wounds
 p - 3 potions of agility
 r - 7 potions of degeneration
 z - a potion of experience {unknown}
 A - 3 potions of flight
 B - a potion of berserk rage {unknown}
 C - 3 potions of brilliance
 D - a potion of lignification {unknown}
 J - 2 potions of might
 L - a potion of haste {unknown}
Miscellaneous
 Q - a fan of gales
Comestibles
 c - 9 rations


   Skills:
 + Level 13.6 Fighting
   Level 10.9(14.3) Axes
 * Level 15.2(16.3) Polearms
 + Level 13.3 Armour
 - Level 8.2 Dodging
 + Level 10.3 Shields


You had 13 spell levels left.
You didn't know any spells.
Your spell library contained the following spells:

 Spells                   Type           Power        Failure   Level  Hunger
 Sting                    Conj/Pois      #...         99%         1    ##.....
 Poisonous Vapours        Pois/Air       #.....       100%        2    ###....
 Mephitic Cloud           Conj/Pois/Air  #.......     100%        3    ####...
 Olgreb's Toxic Radiance  Pois           #.......     100%        4    #####..
 Venom Bolt               Conj/Pois      #.........   100%        5    ######.


Dungeon Overview and Level Annotations

Branches:
Dungeon (11/15)            Temple (0/1) D:6            Lair (6/6) D:9
 Shoals (0/4) Lair:4       Spider (1/4) Lair:2        Slime (0/5) Lair:5
    Orc (0/2) D:9

Altars:
Elyvilon
Fedhas
Makhleb
Ru
Sif Muna
Zin
Beogh

Shops:
D:6 (:[

Portals:
Hell: Lair:6

Annotations:
D:5 3 runed doors, Jamjie98's ghost, novice DrAK
D:7 3 runed doors, Curus's ghost, novice MiGl
Lair:5 exclusion: oklob plant


Innate Abilities, Weirdness & Mutations

You reflexively headbutt those who attack you in melee.
You have a pair of horns on your head.
You are somewhat resistant to further mutation.
You passively map a small area around you.


Message History

You hit the iron troll simulacrum but do no damage.
You headbutt the iron troll simulacrum!
The iron troll simulacrum is almost destroyed.
The iron troll simulacrum closely misses you. x2
The iron troll simulacrum claws you. The iron troll simulacrum freezes you!!
You hit the iron troll simulacrum but do no damage.
You headbutt the iron troll simulacrum.
The iron troll simulacrum is almost destroyed.
You hit the iron troll simulacrum but do no damage.
You headbutt the iron troll simulacrum, but do no damage.
The iron troll simulacrum is almost destroyed.
You hit the iron troll simulacrum but do no damage.
You headbutt the iron troll simulacrum.
The iron troll simulacrum is almost destroyed.
The iron troll simulacrum bites you. The iron troll simulacrum freezes you!!
* * * LOW HITPOINT WARNING * * *
The iron troll simulacrum claws you.
* * * LOW HITPOINT WARNING * * *
The iron troll simulacrum freezes you!!!
You die...

*##.#≈ * *
#..# ≈*, ,
* ##..##
##*
#....##
*..# , *
#.....#
*,.. ∩, *
...#..## ,
#.##
..###..# *
..# ,* .##
##.##**
##Z# , ##
#..# *
##.@# ##
#..##
≈##..## ,
.#* ##..#
#...# *
.#* ##.#≈
#...#, *
.#* #..#
##..## *
##
#..###...#
≈* ## ≈
#.###...##
* ≈ .###
#.###..##
* .#.#
##.#...# ≈


You could see an iron troll simulacrum.

Vanquished Creatures
  2 entropy weavers (Lair:5)
  Nessos (Lair:6)
  A red draconian (Volcano)
  Josephine (Lair:6)
  An ogre mage (Volcano)
  Harold (Lair:2)
  6 hydras
  6 two-headed ogres
  5 death yaks
  A queen ant (Lair:6)
  A sun demon (Lair:6)
  A wizard (Lair:6)
  A manticore (Lair:4)
  A wolf spider (Spider:1)
  An ice statue (IceCv)
  A smoke demon (Lair:6)
  6 black mambas
  2 molten gargoyles (Volcano)
  An orange demon (Lair:6)
  6 rime drakes
  4 freezing wraiths (IceCv)
  5 spiny frogs
  9 komodo dragons
  7 ice devils
  3 anaconda simulacra (IceCv)
  2 golden dragon simulacra (IceCv)
  2 wolf spider simulacra (IceCv)
  2 polar bears (Lair:6)
  A meliai (D:8)
  A hornet (D:6)
  3 blink frogs (Lair:6)
  4 hippogriffs
  4 dream sheep (Lair:6)
  Sigmund (D:2)
  3 redbacks
  A wyvern (Lair:5)
  4 wraiths (Lair:6)
  13 yaks
  5 fire bats
  A basilisk (Lair:6)
  A hungry ghost (D:8)
  2 harpy simulacra (IceCv)
  2 iron troll simulacra (IceCv)
  14 water moccasins
  7 soldier ants (Lair:5)
  4 hell hounds (Lair:6)
  5 porcupines
  2 hydra simulacra (IceCv)
  2 sky beasts
  9 orc warriors
  A phantom (D:6)
  A black bear (D:7)
  11 wolves
  3 ogres
  5 centaurs
  9 crocodiles
  12 bullfrogs
  3 scorpions
  3 killer bees (D:9)
  4 howler monkeys
  3 crimson imps
  5 lava snakes (Volcano)
  2 draconian simulacra (IceCv)
  A quasit (D:9)
  4 hounds
  5 jellies
  6 orc priests
  A centaur skeleton (D:6)
  8 orc wizards
  An iguana (D:7)
  Ijyb (D:4)
  Natasha (thrice) (D:4)
  4 troll simulacra (IceCv)
  20 worker ants
  A spriggan simulacrum (IceCv)
  A centaur simulacrum (IceCv)
  A hound skeleton (D:6)
  A howler monkey zombie (D:6)
  A worker ant zombie (D:6)
  6 gnolls
  6 adders
  3 naga simulacra (IceCv)
  A shadow imp (D:5)
  7 white imps (IceCv)
  8 ufetubi (IceCv)
  4 oozes
  An adder skeleton (D:6)
  A worm (D:2)
  2 leopard geckos
  68 orcs
  6 bats
  2 giant cockroaches
  5 goblins
  7 hobgoblins
  8 jackals
  7 kobolds
  4 quokkas
  3 ball pythons
  A frilled lizard (D:2)
  7 rats
447 creatures vanquished.

Vanquished Creatures (collateral kills)
  A golden dragon simulacrum (IceCv)
  A red devil (Lair:6)
2 creatures vanquished.

Vanquished Creatures (others)
  2 fungi
2 creatures vanquished.

Grand Total: 451 creatures vanquished

Notes
Turn   | Place    | Note
-------+----------+-------------------------------------------
     0 | D:1      | brandon the Minotaur Berserker began the quest for the Orb.
     0 | D:1      | Reached XP level 1. HP: 19/19 MP: 0/0
   265 | D:1      | Reached XP level 2. HP: 8/27 MP: 1/1
  1151 | D:2      | Reached XP level 3. HP: 33/33 MP: 2/2
  1254 | D:2      | Noticed Sigmund
  1266 | D:2      | Killed Sigmund
  1266 | D:2      | Reached skill level 5 in Axes
  1266 | D:2      | Reached XP level 4. HP: 12/41 MP: 3/3
  1266 | D:2      | Reached XP level 5. HP: 14/47 MP: 4/4
  1675 | D:2      | Found a sacrificial altar of Ru.
  1793 | D:2      | Reached ** piety under Trog
  2477 | D:3      | Found a deep blue altar of Sif Muna.
  2661 | D:3      | Found a white marble altar of Elyvilon.
  2731 | D:4      | Reached XP level 6. HP: 53/55 MP: 5/5
  2733 | D:4      | Reached skill level 5 in Fighting
  3232 | D:4      | Noticed Ijyb
  3233 | D:4      | Paralysed by Ijyb for 4 turns
  3243 | D:4      | Killed Ijyb
  3243 | D:4      | Reached XP level 7. HP: 61/61 MP: 6/6
  3245 | D:4      | Noticed Natasha
  3251 | D:4      | Killed Natasha
  3542 | D:4      | Noticed Natasha
  3552 | D:4      | Killed Natasha
  3591 | D:4      | Noticed Natasha
  3602 | D:4      | Killed Natasha
  3940 | D:5      | Entered Level 5 of the Dungeon
  4114 | D:5      | Reached skill level 5 in Armour
  4225 | D:5      | Noticed a two-headed ogre
  4226 | D:5      | Noticed Jamjie98's ghost (novice DrAK)
  4280 | D:5      | Found a blossoming altar of Fedhas.
  4319 | D:5      | Found a runed gate.
  4319 | D:5      | Found a runed gate.
  4320 | D:5      | Found a runed gate.
  4794 | D:6      | Reached XP level 8. HP: 49/70 MP: 7/7
  4809 | D:6      | Reached skill level 5 in Dodging
  5044 | D:6      | Reached *** piety under Trog
  5051 | D:6      | Found Rigag's Armour Emporium.
  5191 | D:6      | Found Orchoum's Book Shop.
  5231 | D:6      | Found Lowy's Weapon Shop.
  5509 | D:6      | Found a staircase to the Ecumenical Temple.
  5559 | D:6      | Noticed a hornet
  5567 | D:6      | Killed a hornet
  5567 | D:6      | Reached XP level 9. HP: 69/79 MP: 8/8
  6096 | D:7      | Reached skill level 10 in Axes
  6487 | D:7      | Found a runed gate.
  6487 | D:7      | Noticed Curus's ghost (novice MiGl)
  6503 | D:7      | Found a runed gate.
  6505 | D:7      | Found a runed gate.
  6801 | D:7      | Found a roughly hewn altar of Beogh.
  6997 | D:8      | Found a glowing silver altar of Zin.
  7010 | D:8      | Found a flagged portal.
  7032 | Bailey   | Entered a bailey
  7211 | Bailey   | Reached **** piety under Trog
  8527 | D:8      | Got a fine chain mail
  8542 | D:8      | Identified the +3 chain mail of the World {Str+3 Int+2}
                  | (You found it on level 8 of the Dungeon)
  8598 | D:8      | Noticed a meliai
  8601 | D:8      | Reached skill level 1 in Polearms
  8607 | D:8      | Killed a meliai
  8607 | D:8      | Reached skill level 2 in Polearms
  8760 | D:8      | Reached XP level 10. HP: 56/90 MP: 9/9
  8906 | D:8      | You fall through a shaft for 3 floors!
  8906 | D:11     | Noticed a cyan ugly thing
  8915 | D:10     | Entered Level 10 of the Dungeon
  8915 | D:10     | Noticed a five-headed hydra
  8963 | D:9      | Found a staircase to the Orcish Mines.
  8966 | D:9      | Reached skill level 3 in Polearms
  9203 | D:9      | Reached skill level 4 in Polearms
  9230 | D:9      | Noticed a two-headed ogre
  9234 | D:9      | Killed a two-headed ogre
  9234 | D:9      | Reached ***** piety under Trog
  9234 | D:9      | Reached skill level 5 in Polearms
  9357 | D:9      | Noticed a two-headed ogre
  9363 | D:9      | Killed a two-headed ogre
  9370 | D:9      | Reached skill level 6 in Polearms
  9511 | D:9      | Found a staircase to the Lair.
  9879 | D:6      | Bought a +0 buckler for 58 gold pieces
  9960 | Lair:1   | Entered Level 1 of the Lair of Beasts
 10150 | Lair:1   | Gained mutation: Scrolls take you a little longer to read.
                  | [potion of mutation]
 10150 | Lair:1   | Gained mutation: You passively map a small area around you.
                  | [potion of mutation]
 10151 | Lair:1   | Lost mutation: Scrolls take you a little longer to read.
                  | [potion of mutation]
 10151 | Lair:1   | Gained mutation: You are somewhat resistant to further
                  | mutation. [potion of mutation]
 10640 | Lair:1   | Reached skill level 1 in Shields
 10676 | Lair:1   | Noticed a five-headed hydra
 10682 | Lair:1   | Killed a five-headed hydra
 10682 | Lair:1   | Reached skill level 7 in Polearms
 10703 | Lair:1   | Noticed a four-headed hydra
 10710 | Lair:1   | Killed a four-headed hydra
 10710 | Lair:1   | Reached XP level 11. HP: 81/99 MP: 10/10
 10716 | Lair:1   | Received a gift from Trog
 10716 | Lair:1   | Reached skill level 10 in Fighting
 10945 | Lair:1   | Reached skill level 8 in Polearms
 11574 | Lair:2   | Noticed an eight-headed hydra
 11585 | Lair:2   | Killed an eight-headed hydra
 11711 | Lair:2   | Noticed Harold
 11763 | Lair:2   | Killed Harold
 11763 | Lair:2   | Reached skill level 10 in Armour
 11864 | Lair:2   | Reached skill level 9 in Polearms
 11958 | Lair:2   | Found a hole to the Spider Nest.
 12264 | Lair:2   | Noticed a seven-headed hydra
 12272 | Lair:2   | Killed a seven-headed hydra
 13153 | Lair:3   | Noticed a death yak
 13155 | Lair:3   | Reached skill level 5 in Shields
 13168 | Lair:3   | Noticed a death yak
 13168 | Lair:3   | Noticed a death yak
 13168 | Lair:3   | Noticed a death yak
 13176 | Lair:3   | Noticed a death yak
 13183 | Lair:3   | Killed a death yak
 13183 | Lair:3   | Reached skill level 10 in Polearms
 13401 | Lair:4   | Found a dark tunnel.
 13412 | Volcano  | Entered a volcano
 13933 | Volcano  | Found a burning altar of Makhleb.
 13933 | Volcano  | Noticed a two-headed ogre
 13933 | Volcano  | Noticed a two-headed ogre
 13933 | Volcano  | Noticed an ogre mage
 13933 | Volcano  | Noticed a two-headed ogre
 13936 | Volcano  | Killed a two-headed ogre
 13936 | Volcano  | Reached XP level 12. HP: 110/110 MP: 11/11
 13942 | Volcano  | Killed a two-headed ogre
 13946 | Volcano  | Killed a two-headed ogre
 13948 | Volcano  | Killed an ogre mage
 13948 | Volcano  | Reached skill level 11 in Polearms
 13959 | Volcano  | Noticed a two-headed ogre
 13964 | Volcano  | Killed a two-headed ogre
 14118 | Volcano  | Noticed a red draconian
 14137 | Volcano  | Killed a red draconian
 14546 | Lair:4   | You fall through a shaft for 2 floors!
 14546 | Lair:6   | Entered Level 6 of the Lair of Beasts
 14662 | Lair:6   | Reached skill level 12 in Polearms
 14668 | Lair:6   | Received a gift from Trog
 15128 | Lair:6   | Noticed a four-headed hydra
 15151 | Lair:6   | Killed a four-headed hydra
 15407 | Lair:6   | Noticed Nessos
 15670 | Lair:6   | Killed Nessos
 15714 | Lair:5   | Noticed an entropy weaver
 15714 | Lair:5   | Noticed a queen ant
 15714 | Lair:5   | Noticed an entropy weaver
 15725 | Lair:6   | Killed a queen ant
 15725 | Lair:6   | Reached XP level 13. HP: 118/118 MP: 12/12
 15839 | Lair:5   | Killed an entropy weaver
 15839 | Lair:5   | Reached skill level 13 in Polearms
 15845 | Lair:5   | Killed an entropy weaver
 16077 | Lair:5   | Found a staircase to the Slime Pits.
 17081 | Lair:6   | Noticed Josephine
 17093 | Lair:6   | Killed Josephine
 17331 | Lair:6   | Reached skill level 14 in Polearms
 17386 | Lair:6   | Found a burning altar of Makhleb.
 17666 | Lair:6   | Found a gateway to Hell.
 18739 | Lair:4   | Found a staircase to the Shoals.
 19215 | Lair:4   | Reached skill level 10 in Shields
 19442 | Spider:1 | Entered Level 1 of the Spider Nest
 19460 | Spider:1 | Found a frozen archway.
 19464 | IceCv    | Entered an ice cave
 19597 | IceCv    | Reached XP level 14. HP: 36/129 MP: 13/13
 20041 | IceCv    | Received a gift from Trog
 20258 | IceCv    | Reached skill level 15 in Polearms
 21662 | IceCv    | Demolished by an iron troll simulacrum

Skill      XL: |  1  2  3  4  5  6  7  8  9 10 11 12 13 14 |
---------------+-------------------------------------------+-----
Axes           | 4 5 6 7 9 10 | 10.9
Fighting       | 4 5 6 7 8 9 11 12 13 | 13.6
Armour         | 3 4 5 6 8 9 10 11 13 | 13.3
Dodging        | 3 4 6 7 8 |  8.2
Polearms       | 2 7 10 12 14 15 | 15.2
Shields        | 2 5 8 10 | 10.3

Action                   |  1- 3 |  4- 6 |  7- 9 | 10-12 | 13-15 || total
-------------------------+-------+-------+-------+-------+-------++-------
Melee: Hand axe          |    52 |    88 |   340 |       |       ||   480
       Headbutt          |    10 |    14 |    94 |   106 |   140 ||   364
       Demon trident     |       |       |    26 |   541 |   554 ||  1121
       Spear             |       |       |    10 |       |       ||    10
Invok: Berserk           |     1 |     3 |     6 |    10 |     9 ||    29
       Trog's Hand       |       |       |       |     1 |       ||     1
       Brothers in Arms  |       |       |       |       |     3 ||     3
 Abil: Evoke Flight      |       |       |     1 |       |       ||     1
  Use: Scroll            |       |       |     5 |    13 |     6 ||    24
       Potion            |       |       |       |     2 |       ||     2
  Eat: Chunk             |     1 |     9 |    19 |    22 |     8 ||    59
       Ration            |       |       |     2 |     3 |     6 ||    11
Armor: Animal skin       |    13 |     2 |       |       |       ||    15
       Fire dragon scale |       |    45 |   146 |    53 |       ||   244
       Chain mail        |       |       |    24 |   111 |       ||   135
       Plate armour      |       |       |       |    31 |   232 ||   263
Dodge: Dodged            |    42 |    41 |   304 |   286 |   160 ||   833
Block: Buckler           |       |       |       |    98 |   111 ||   209
